 Dungeon Crawl Stone Soup version 0.32-a0-872-g59262bdc9b (webtiles) character file.

Game seed: 10206526656934532585

1526 Goblin1989 the Sneak (level 8, -7/59 HPs)
             Began as a Demonspawn Brigand on Mar 30, 2024.
             Was a Follower of Uskayaw.
             Splashed by a jelly's acid (11 damage)
             ... on level 6 of the Dungeon.
             The game lasted 00:09:53 (4504 turns).

Goblin1989 the Sneak (Demonspawn Brigand)           Turns: 4504, Time: 00:09:53

Health: -7/59      AC: -8    Str: 12    XL:     8   Next: 55%
Magic:  10/10      EV: 11    Int: 11    God:    Uskayaw [*.....]
Gold:   230        SH:  0    Dex: 17    Spells: 7/7 levels left

rFire   . . .        a - +2 dagger
rCold   . . .        (no shield)
rNeg    . . .        A - +0 ring mail
rPois   .            z - +0 helmet
rElec   .            c - +0 cloak
rCorr   .            r - +0 pair of gloves
SInv    .            (no boots)
Will    +....        (no amulet)
Stlth   +++++        (no ring)
HPRegen 0.29/turn    (no ring)
MPRegen 0.12/turn

%: no passive effects
@: corroded, enlightened, flying, wreathed by umbra
A: hooves 1, powered by death 2, sturdy frame 1, foul shadow 1
a: Renounce Religion, Stomp


You were on level 6 of the Dungeon.
You worshipped Uskayaw.
Uskayaw was noncommittal.
You visited 2 branches of the dungeon, and saw 7 of its levels.

You collected 230 gold pieces.

Inventory:

Hand Weapons
 a - a +2 dagger (weapon)
 q - a +1 whip of electrocution
 E - a +0 rapier
Missiles
 d - 21 poisoned darts (quivered)
 e - 2 curare-tipped darts
 n - 6 javelins {@Q3}
Armour
 c - a +0 cloak (worn)
 r - a +0 pair of gloves (worn)
 z - a +0 helmet (worn)
 A - a +0 ring mail (worn)
Jewellery
 t - an amulet of guardian spirit
Wands
 v - a wand of polymorph (10)
 B - a wand of mindburst (12)
 D - a wand of digging (7) {@v3}
Scrolls
 h - a scroll of fog {unknown}
 i - 2 scrolls of poison {unknown}
 j - a scroll of summoning {unknown}
 k - 5 scrolls of teleportation {unknown}
 l - 2 scrolls of revelation {unknown}
 o - 4 scrolls of fear {unknown}
 p - a scroll of blinking {unknown}
 y - 2 scrolls of identify {unknown}
 C - a scroll of vulnerability {unknown}
Potions
 g - 3 potions of curing {@q1}
 s - a potion of experience {unknown}
 u - a potion of ambrosia {unknown}
 w - a potion of magic
 x - a potion of resistance {@q5}
 F - a potion of degeneration {unknown}


   Skills:
 + Level 3.6 Fighting
 * Level 6.7 Short Blades
 - Level 1.7 Throwing
 + Level 2.8 Dodging
 - Level 7.0 Stealth
 + Level 3.8 Invocations


You had 7 spell levels left.
You didn't know any spells.
Your spell library contained the following spells:

 Spells                   Type           Power      Damage    Failure   Level
 Shock                    Conj/Air       0%         1d3       47%         1
 Call Imp                 Summ           0%         N/A       63%         2
 Sublimation of Blood     Necr           0%         N/A       63%         2
 Inner Flame              Hex/Fire       0%         N/A       85%         3
 Swiftness                Air            0%         N/A       85%         3
 Airstrike                Air            0%         2d(0-16)  99%         4
 Leda's Liquefaction      Alch/Erth      0%         N/A       99%         4
 Irradiate                Conj/Alch      0%         3d11      100%        5
 Iskenderun's Battlesphe  Conj           0%         2d6       100%        5
 Lee's Rapid Deconstruct  Erth           0%         3d4*      100%        5
 Bombard                  Conj/Erth      0%         9d1       100%        6
 Conjure Ball Lightning   Conj/Air       0%         3x3d6     100%        6
 Permafrost Eruption      Ice/Erth       0%         2x4d1     100%        6
 Spellforged Servitor     Conj/Summ      0%         N/A       100%        7
 Summon Hydra             Summ           0%         N/A       100%        7
 Discord                  Hex            0%         N/A       100%        8
 Disjunction              Tloc           0%         N/A       100%        8
 Ignition                 Fire           0%         3d3       100%        8


Dungeon Overview and Level Annotations

Branches:
Dungeon (6/15) Zot: 26701  Temple (1/1) D:5 Zot: 5976

Altars:
Ashenzari
Cheibriados
Fedhas
Gozag
Hepliaklqana
Kikubaaqudgha
Makhleb
Nemelex Xobeh
Okawaru
Qazlal
Ru
Sif Muna
Trog
Uskayaw
Vehumet
Wu Jian
Xom
Yredelemnul

Shops:
D:1 ?

Annotations:
D:4 3 runed translucent doors, Goblin1989's ghost, amateur DsBr


Innate Abilities, Weirdness & Mutations

You have large cloven feet.
You regenerate health from kills.
Your movements are slightly less encumbered by armour. (ER -2)
You are faintly shadowed, very rarely releasing foul flame when damaged in melee.


Message History

Unknown command.
You start resting.
You feel a little less mighty now.
You regained 10 hp, and now have 24/59 hp.
You start resting.
You start to feel less resistant.
You regained 2 hp, and now have 26/59 hp.
You start resting.
Your resistance to elements expires.
You regained 2 hp, and now have 28/59 hp.
A jelly comes into view.
You regained 28 hp, and now have 56/59 hp.
A jelly is nearby!
A jelly is nearby!
The jelly quivers.
You hit the jelly but do no damage. The acid corrodes you!
Your hands burn!
You kick the jelly.
The jelly is lightly wounded.
You take 2 damage, and have 55/59 hp.
You hit the jelly.
Your hands burn!
The jelly is lightly wounded.
The jelly barely misses you.
You take 4 damage, and have 51/59 hp.
You hit the jelly.
Your hands burn!
You kick the jelly, but do no damage.
The jelly is moderately wounded.
The jelly closely misses you.
You take 2 damage, and have 49/59 hp.
You hit the jelly. The acid corrodes you!
Your hands burn!
You kick the jelly, but do no damage.
The jelly is moderately wounded.
You take 4 damage, and have 45/59 hp.
You hit the jelly but do no damage. The acid corrodes you!
Your hands burn!
The jelly is moderately wounded.
The jelly barely misses you.
You hit the jelly.
Your hands burn!
You kick the jelly, but do no damage.
The jelly is heavily wounded.
The jelly hits you. The acid corrodes you!
You are splashed with acid!
You can now pass through a line of other dancers.
You take 14 damage, and have 31/59 hp.
MASSIVE DAMAGE!!
You are too injured to fight recklessly!
You are too injured to fight recklessly!
You are too injured to fight recklessly!
You are too injured to fight recklessly!
You are too injured to fight recklessly!
You are too injured to fight recklessly!
You are too injured to fight recklessly!
You are too injured to fight recklessly!
You are too injured to fight recklessly!
You are too injured to fight recklessly!
You are too injured to fight recklessly!
You are too injured to fight recklessly!
You are too injured to fight recklessly!
You are too injured to fight recklessly!
You are too injured to fight recklessly!
You are too injured to fight recklessly!
You are too injured to fight recklessly!
You are too injured to fight recklessly!
You are too injured to fight recklessly!
You are too injured to fight recklessly!
You are too injured to fight recklessly!
You are too injured to fight recklessly!
You are too injured to fight recklessly!
You completely miss the jelly.
The jelly is heavily wounded.
You hit the jelly but do no damage. The acid corrodes you!
Your hands burn!
The jelly is heavily wounded.
The jelly barely misses you.
You take 3 damage, and have 28/59 hp.
You hit the jelly but do no damage.
Your hands burn!
* * * LOW HITPOINT WARNING * * *
The jelly is heavily wounded.
The jelly hits you.
* * * LOW HITPOINT WARNING * * *
The acid corrodes you!
You are splashed with acid!
* * * LOW HITPOINT WARNING * * *
You take 13 damage, and have 15/59 hp.
MASSIVE DAMAGE!!
You hit the jelly but do no damage.
Your hands burn!
* * * LOW HITPOINT WARNING * * *
You kick the jelly, but do no damage.
The jelly is heavily wounded.
You take 2 damage, and have 13/59 hp.
You hit the jelly but do no damage.
Your hands burn!
* * * LOW HITPOINT WARNING * * *
The jelly is heavily wounded.
The jelly closely misses you.
You take 3 damage, and have 10/59 hp.
You hit the jelly but do no damage.
Your hands burn!
* * * LOW HITPOINT WARNING * * *
You kick the jelly, but do no damage.
The jelly is heavily wounded.
The jelly barely misses you.
You can no longer pass through a line of other dancers.
You take 5 damage, and have 5/59 hp.
It was a potion of enlightenment.
You feel very buoyant.
You fly up into the air.
The jelly hits you.
* * * LOW HITPOINT WARNING * * *
You are splashed with acid!
You die...
Your body falls in perfect tune with the rhythm.

█...█........>.
███████████.███..........
██.....██.....██..........
██...........)..█..........
█..>..............█.....█..
█....$....?......██████████
█................█
█...[......J.....███
█.........@$.......█
█..................█
██..............Ψ..█
██.....██.........█
██████████.█.....█
█......[█


█████████ You could see a jelly.

Vanquished Creatures
  Pikel (D:6)
  Grinder (D:6)
  Menkaure (D:5)
  A centaur (D:6)
  An ogre (D:4)
  Blork the orc (D:4)
  2 scorpions
  A howler monkey (D:6)
  A jelly (D:6)
  An iguana (D:5)
  2 sleepcaps (D:5)
  2 orc wizards
  3 gnolls (D:4)
  4 adders
  5 dart slugs
  17 orcs
  6 ball pythons
  7 bats
  2 endoplasms (D:1)
  3 giant cockroaches (D:1)
  4 goblins
  7 hobgoblins
  4 jackals (D:1)
  12 kobolds
  5 quokkas
  3 frilled lizards
  3 rats
100 creatures vanquished.

Vanquished Creatures (others)
  A ball python (D:4)
1 creature vanquished.

Grand Total: 101 creatures vanquished

Notes
Turn   | Place    | Note
-------+----------+-------------------------------------------
     0 | D:1      | Goblin1989 the Demonspawn Brigand began the quest for the
                  | Orb.
     0 | D:1      | Reached XP level 1. HP: 16/16 MP: 1/1
   149 | D:1      | Gained mutation: Your movements are slightly less
                  | encumbered by armour. (ER -2) [demonic ancestry]
   149 | D:1      | Reached XP level 2. HP: 22/22 MP: 2/2
   167 | D:1      | Found Subatz's Magic Scroll Emporium.
   233 | D:1      | Reached skill level 4 in Stealth
   683 | D:1      | Gained mutation: You regenerate a little health from kills.
                  | [demonic ancestry]
   683 | D:1      | Reached XP level 3. HP: 27/27 MP: 3/3
  1210 | D:2      | Gained mutation: You have large cloven feet. [demonic
                  | ancestry]
  1210 | D:2      | Reached XP level 4. HP: 33/33 MP: 4/4
  1687 | D:3      | Reached skill level 5 in Stealth
  1801 | D:3      | Gained mutation: You regenerate health from kills. [demonic
                  | ancestry]
  1801 | D:3      | Reached XP level 5. HP: 37/38 MP: 5/5
  2441 | D:4      | Found a runed translucent gate.
  2442 | D:4      | Found a runed translucent gate.
  2442 | D:4      | Found a runed translucent gate.
  2444 | D:4      | Noticed Goblin1989's ghost (amateur DsBr)
  2600 | D:4      | Found a radiant altar of Vehumet.
  2661 | D:4      | Noticed an ogre
  2670 | D:4      | Killed an ogre
  2671 | D:4      | Reached XP level 6. HP: 44/44 MP: 6/6
  2730 | D:4      | Noticed Blork the orc
  2745 | D:4      | Killed Blork the orc
  3102 | D:5      | Entered Level 5 of the Dungeon
  3335 | D:5      | Reached skill level 6 in Stealth
  3579 | D:5      | Noticed Menkaure
  3597 | D:5      | Killed Menkaure
  3598 | D:5      | Reached skill level 5 in Short Blades
  3598 | D:5      | Gained mutation: You are faintly shadowed, very rarely
                  | releasing foul flame when damaged in melee. [demonic
                  | ancestry]
  3598 | D:5      | Reached XP level 7. HP: 50/50 MP: 7/7
  3643 | D:5      | Found a staircase to the Ecumenical Temple.
  3666 | Temple   | Entered the Ecumenical Temple
  3677 | Temple   | Became a worshipper of Uskayaw the Reveller
  3982 | D:5      | Reached * piety under Uskayaw
  3988 | D:5      | Reached ** piety under Uskayaw
  4201 | D:6      | Noticed Pikel
  4211 | D:6      | Reached skill level 1 in Dodging
  4212 | D:6      | Reached *** piety under Uskayaw
  4213 | D:6      | Killed Pikel
  4213 | D:6      | Reached **** piety under Uskayaw
  4214 | D:6      | Reached skill level 7 in Stealth
  4214 | D:6      | Reached XP level 8. HP: 58/58 MP: 7/9
  4236 | D:6      | Found a burning altar of Makhleb.
  4306 | D:6      | Noticed Grinder
  4343 | D:6      | Killed Grinder
  4504 | D:6      | Splashed by a jelly's acid

Illustrated notes

Levels and vault maps discovered:
D:1:      moated_graveyard_arrival, layout_basic, serial_shops,
          nicolae_shop_window_shopping
D:2:      layout_basic, corexii_hall_statues_i
D:3:      layout_basic
D:4:      layout_loops_corners, fiery_altar_vehumet, ebering_ghost_rock_garden,
          uniq_blork_the_orc
D:5:      layout_loops_ring, minmay_temple_entry_butterflies, uniq_menkaure
D:6:      layout_rooms, bloody_makhleb, solitary_fountain,
          kennysheep_generic_room_12, uniq_grinder, uniq_pikel, uniq_sigmund,
          uniq_edmund
Temple:   mainiacjoe_temple_bowtie_tessellation

Skill      XL: |  1  2  3  4  5  6  7  8 |
---------------+-------------------------+-----
Short Blades   | 2 3 4 5 6 |  6.7
Stealth        | 4 5 6 7 |  7.0
Dodging        | 2 |  2.8
Fighting       | 3 |  3.6
Invocations    | 2 3 |  3.8
Throwing       | |  1.7

Action                     |  1- 3 |  4- 6 |  7- 9 || total
---------------------------+-------+-------+-------++-------
  Melee: Dagger            |   106 |   190 |    77 ||   373
         Whip              |     2 |       |       ||     2
         Kick              |       |    61 |    26 ||    87
  Throw: Dart              |       |    19 |       ||    19
    Use: Potion            |       |     1 |     4 ||     5
   Stab: Sleeping          |    11 |     5 |     3 ||    19
         Distracted        |       |     1 |       ||     1
         Paralysed         |       |       |     1 ||     1
 Armour: Robe              |    63 |    35 |       ||    98
         Ring mail         |       |    78 |    37 ||   115
  Dodge: Dodged            |    53 |    96 |    41 ||   190

Table legend: (Time is in decaauts)
 A = Elapsed time spent in this place.
 B = Non-inter-level travel time spent in this place.
 C = Inter-level travel time spent in this place.
 D = Time resting spent in this place.
 E = Time spent auto-exploring this place.
 F = Levels seen in this place.
 G = Mean time per level.
                   A        B        C        D        E       F      G
               +--------+--------+--------+--------+--------+-----+--------+
         Total |   4429 |   4194 |    235 |     47 |   3302 |   7 |  632.7 |
       Dungeon |   4406 |   4189 |    217 |     47 |   3302 |   6 |  734.3 |
        Temple |     23 |      5 |     18 |      0 |      0 |   1 |   23.0 |
               +--------+--------+--------+--------+--------+-----+--------+

Top non-repeatable levels by time:
     D:5: 1043 daAuts
     D:4: 1015 daAuts
     D:1: 802 daAuts
     D:3: 796 daAuts
     D:2: 450 daAuts
     D:6: 297 daAuts
  Temple: 23 daAuts
